 Dungeon Crawl Stone Soup version 0.24-a0-586-g8e0e932a4c (webtiles) character file.

Game seed: 16982338086848191816, levelgen mode: deterministic

100 Gargoyl the Skirmisher (level 4, -3/41 HPs)
             Began as a Centaur Abyssal Knight on Sept 8, 2019.
             Was a Follower of Lugonu.
             Slain by a small abomination (18 damage)
             ... on level 1 of the Abyss.
             The game lasted 00:00:19 (101 turns).

Gargoyl the Skirmisher (Centaur Abyssal Knight)      Turns: 101, Time: 00:00:20

Health: -3/41      AC:  4    Str: 15    XL:     4   Next: 46%
Magic:  5/5        EV:  9    Int: 11    God:    Lugonu [*.....]
Gold:   6          SH:  0    Dex:  9    Spells: 3/3 levels left

rFire    . . .     SeeInvis .   a - +1 hand axe
rCold    . . .     Gourm    .   (no shield)
rNeg     . . .     Faith    .   b - +0 leather armour
rPois    .         Spirit   .   (no helmet)
rElec    .         Reflect  .   (no cloak)
rCorr    .         Harm     .   (no gloves)
MR       .....                  (no barding)
Stlth    ..........             (no amulet)
HPRegen  0.13/turn              (no ring)
MPRegen  0.09/turn              (no ring)

@: very quick
A: large, hooves 3, deformed body, speed 2, tough skin 3
a: Depart the Abyss, Renounce Religion


You were on level 1 of the Abyss.
You worshipped Lugonu.
Lugonu was aware of your devotion.
You were not hungry.

You visited 0 branches of the dungeon, and saw 0 of its levels.
You visited the Abyss 1 time.

You collected 6 gold pieces.

Inventory:

Hand Weapons
 a - a +1 hand axe (weapon)
Armour
 b - a +0 leather armour (worn)
Comestibles
 c - a ration


   Skills:
 + Level 4.3 Fighting
 + Level 2.5 Axes
 + Level 1.8 Armour
 + Level 0.6 Dodging
 + Level 2.3 Invocations


You had 3 spell levels left.
You didn't know any spells.
Your spell library was empty.

Dungeon Overview and Level Annotations

Branches:
Dungeon (0/15)

Altars:


Innate Abilities, Weirdness & Mutations

You have hooves in place of feet.
Armour fits poorly on your strangely shaped body.
You cover ground very quickly.
You have extremely tough skin. (AC +3)


Message History

Increase (S)trength, (I)ntelligence, or (D)exterity?
You feel agile.
You have reached level 4!
You feel stronger.
The substance of the Abyss twists violently, and a gateway leading out appears!
Calm down first, please.
You feel a strong urge to attack something.
You feel your anger nearly subside.
You are no longer berserk.
You are exhausted.
You feel yourself slow down.
Found a hunting sling.
You feel yourself speed up.
Found a whip.
You now have 6 gold pieces.
A great orb of eyes comes into view.
The great orb of eyes turns its gaze towards you.
You recover from your berserk rage.
A small abomination comes into view.
The small abomination hits you!!
You die...

# .##..# . ##..#
..##..##..##.
......
............
.##.##.####.###.##
# # #.......####
.. .#..###.##.#
#.#
.#.#.#.##....###
.. # .
#####.#.##..#.####
#. #.#####@.....#
. ###. #.x##.#.# .
#. .##.##. # .. #
# . .##.# .. ##
##. .. .. ##


You could see a small abomination.

Vanquished Creatures
  A spiny frog zombie (Abyss:1)
1 creature vanquished.

Notes
Turn   | Place    | Note
-------+----------+-------------------------------------------
     0 | Abyss:1  | Gargoyl the Centaur Abyssal Knight began the quest for the
                  | Orb.
     0 | Abyss:1  | Reached XP level 1. HP: 19/19 MP: 2/2
    43 | Abyss:1  | Noticed a spiny frog zombie
    51 | Abyss:1  | Killed a spiny frog zombie
    51 | Abyss:1  | Reached skill level 4 in Fighting
    51 | Abyss:1  | Reached XP level 2. HP: 10/28 MP: 3/3
    51 | Abyss:1  | Reached XP level 3. HP: 12/34 MP: 4/4
    51 | Abyss:1  | Reached XP level 4. HP: 14/41 MP: 5/5
    86 | Abyss:1  | Noticed a great orb of eyes
   100 | Abyss:1  | Noticed a small abomination
   101 | Abyss:1  | Slain by a small abomination

Levels and vault maps discovered:
Abyss:1:  evilmike_abyss_exit_mutagenic

Skill      XL: |  1 |
---------------+----+-----
Fighting       | 4 |  4.3
Axes           | 2 |  2.5
Armour         | |  1.8
Dodging        | |  0.6
Invocations    | |  2.3

Action                   |  1- 3 |  4- 6 || total
-------------------------+-------+-------++-------
Melee: Hand axe          |     6 |       ||     6
       Kick              |     2 |       ||     2
  Use: Potion            |     1 |       ||     1
Armor: Leather armour    |     1 |       ||     1

Table legend:
 A = Non-vault XP
 B = Vault XP
 C = Vault XP percentage of total XP
 D = Non-vault monster count
 E = Vault monster count
 F = Vault count percentage of total count
                 A         B        C        D         E       F
            +---------+---------+-------+---------+---------+-------
      Total |     143 |       0 |   0.0 |       1 |       0 |   0.0
            +---------+---------+-------+---------+---------+-------
    Abyss:1 |     143 |       0 |   0.0 |       1 |       0 |   0.0
            +---------+---------+-------+---------+---------+-------
